 Dungeon Crawl Stone Soup version 0.17-a0-1248-g117de50 (webtiles) character file.

14 Xvorost the Skirmisher (level 2, -2/19 HPs)
             Began as a Gargoyle Fighter on June 5, 2015.
             Slain by a centaur
             ... wielding a +0 dagger
              (5 damage)
             ... on level 1 of the Dungeon.
             The game lasted 00:01:45 (1349 turns).

Xvorost the Skirmisher (Gargoyle Fighter)           Turns: 1349, Time: 00:01:45

Health: -2/19      AC:  9    Str: 19    XL:     2   Next: 41%
Magic:  2/2        EV:  7    Int:  8    God:
Gold:   43         SH:  9    Dex:  9    Spells: 0 memorised, 1 level left

rFire  . . .     SeeInvis .     f - -3 whip (curse)
rCold  . . .     Clarity  .     b - +0 scale mail
rNeg   + . .     SustAt   .     c - +0 shield
rPois  ∞         Gourm    .     (no helmet)
rElec  +         Spirit   .     (no cloak)
rCorr  .         Warding  .     (no gloves)
rMut   .         Stasis   .     (no boots)
MR     .....                    (no amulet)
Stlth  ..........               (no ring)
                                (no ring)

@: not resistant to hostile enchantments, extremely unstealthy
A: negative energy resistance 1, electricity resistance, unbreathing,
petrification resistance, rot immunity, AC +2
a: no special abilities


You were on level 1 of the Dungeon.
You were very hungry.

You visited 1 branch of the dungeon, and saw 1 of its levels.

You collected 43 gold pieces.

Inventory:

Hand weapons
 a - a +0 flail
 f - a cursed -3 whip (weapon)
   (You took it off a kobold on level 1 of the Dungeon)
Armour
 b - a +0 scale mail (worn)
 c - a +0 shield (worn)
Potions
 d - a potion of might
Comestibles
 e - a bread ration {@e1}


   Skills:
 + Level 3.4 Fighting
 * Level 2.4 Maces & Flails
 + Level 3.2 Armour
 + Level 0.5 Dodging
 + Level 3.4 Shields


You had one spell level left.
You didn't know any spells.

Dungeon Overview and Level Annotations

Branches:
Dungeon (1/15)

Altars:


Innate Abilities, Weirdness & Mutations

You are resistant to torment.
Your stone body is resilient (AC +2).
You are immune to poison.
You resist negative energy.
You are resistant to electric shocks.
You can survive without breathing.
You are immune to petrification.
You are immune to rotting.


Message History

You hit the worm. The worm bites you but does no damage.
You hit the worm. The worm barely misses you.
You hit the worm. You hit the worm. The worm barely misses you.
You hit the worm but do no damage. You hit the worm.
You block the worm's attack.
You barely miss the worm. The worm barely misses you.
Your shield prevents you from hitting the worm.
You hit the worm but do no damage. The worm bites you.
You take 2 damage, and have 14/19 hp.
You hit the worm. You block the worm's attack.
You hit the worm. You hit the worm but do no damage.
The worm barely misses you.
You barely miss the worm. You hit the worm. The worm bites you!
You take 8 damage, and have 7/19 hp.
MASSIVE DAMAGE!!
You are too injured to fight recklessly!
You are too injured to fight recklessly!
You are too injured to fight recklessly!
You are too injured to fight recklessly!
You are too injured to fight recklessly!
You are too injured to fight recklessly!
You are too injured to fight recklessly!
You are too injured to fight recklessly!
You are too injured to fight recklessly!
You are too injured to fight recklessly!
You are too injured to fight recklessly!
You are too injured to fight recklessly!
You are too injured to fight recklessly!
You are too injured to fight recklessly!
You hit the worm.
You kill the worm!
You see here a worm corpse.
You see here a worm corpse.
You butcher the worm corpse.
g - 3 chunks of flesh {@w0} You start resting.
You start waiting.
All of the chunks of flesh in your inventory have rotted away.
Done waiting.
You start waiting.
Done waiting.
You start waiting.
Done waiting.
You start waiting.
You are feeling hungry.
You start waiting.
Done waiting.
You start waiting.
You are feeling very hungry.
You start waiting.
Done waiting.
You start waiting.
A centaur comes into view. It is wielding a dagger.
Health restored: 19 You block the centaur's attack.
You hit the centaur but do no damage. You block the centaur's attack.
The centaur barely misses you.
You hit the centaur. The centaur closely misses you.
You hit the centaur. The centaur hits you with a dagger.
The centaur hits you but does no damage.
You take 6 damage, and have 13/19 hp.
MASSIVE DAMAGE!!
Your scale mail prevents you from hitting the centaur.
The centaur hits you but does no damage.
You hit the centaur.
The centaur hits you but does no damage.
You block the centaur's attack.
Your shield and scale mail prevent you from hitting the centaur.
The centaur hits you but does no damage.
You block the centaur's attack.
You hit the centaur.
The centaur hits you but does no damage.
You hit the centaur but do no damage. You block the centaur's attack.
The centaur barely misses you.
You hit the centaur. The centaur barely misses you.
You completely miss the centaur. The centaur hits you with a dagger.
The centaur hits you with a dagger.
You take 5 damage, and have 8/19 hp.
MASSIVE DAMAGE!!
You hit the centaur. The centaur hits you with a dagger.
* * * LOW HITPOINT WARNING * * *
You take 3 damage, and have 5/19 hp.
Your shield prevents you from hitting the centaur.
You block the centaur's attack.
The centaur hits you but does no damage.
You hit the centaur but do no damage. You block the centaur's attack.
The centaur completely misses you.
You closely miss the centaur. The centaur hits you with a dagger.
* * * LOW HITPOINT WARNING * * *
You take 2 damage, and have 3/19 hp.
You hit the centaur but do no damage.
The centaur hits you but does no damage.
The centaur closely misses you.
Your shield and scale mail prevent you from hitting the centaur.
You block the centaur's attack.
You hit the centaur but do no damage. You block the centaur's attack.
The centaur hits you with a dagger.
You die...

.# #.#........#
.#####.#........#
.......#........####
..................>#
########.........#.
# #### #.........#
#.#
...#############.#
... .......# #.# ..#
...###.# #@#...#
...# #.# #c....#
...# #.#######
###.#.#
...###........ .#
.......).....# #
.###########.# .# .#
.#


You could see a centaur.

Vanquished Creatures
  A worm (D:1)
  A hobgoblin (D:1)
  A jackal (D:1)
  A bat (D:1)
  2 giant geckos (D:1)
  3 goblins (D:1)
  2 kobolds (D:1)
  A rat (D:1)
12 creatures vanquished.

Notes
Turn   | Place    | Note
--------------------------------------------------------------
     0 | D:1      | Xvorost the Gargoyle Fighter began the quest for the Orb.
     0 | D:1      | Reached XP level 1. HP: 14/14 MP: 1/1
   287 | D:1      | Reached XP level 2. HP: 17/19 MP: 2/2
  1332 | D:1      | Noticed a centaur
  1346 | D:1      | HP: 3/19 [centaur/dagger (2)]
  1349 | D:1      | Slain by a centaur

Vault maps used:
D:1:      minmay_arrival_four_circles, minmay_misc_feat_pillars

Action                   || total
-------------------------++-------
Melee: Whip              ||   114
       Flail             ||     8

Vault maps used:
D:1:      minmay_arrival_four_circles, minmay_misc_feat_pillars

Table legend:
 A = Turns spent in this place as a percentage of turns spent in the entire game.
 B = Non-inter-level travel turns spent in this place as a percentage of non-inter-level travel turns spent in the entire game.
 C = Inter-level travel turns spent in this place as a percentage of turns spent in this place.
 D = Turns resting spent in this place as a percentage of non-inter-level travel turns spent in this place.
 E = Turns spent auto-exploring this place as a percentage of non-inter-level travel turns spent in this place.
 F = Non-inter-level travel turns spent in this place divided by the number of levels of this place that you've seen.
                   A       B       C       D       E      F
               +-------+-------+-------+-------+-------+----------------------
         Total | 100.0 | 100.0 |   0.0 |   4.1 |   5.3 | 246.0
       Dungeon | 100.0 | 100.0 |   0.0 |   4.1 |   5.3 | 246.0
               +-------+-------+-------+-------+-------+----------------------

Table legend:
 A = Kills in this place as a percentage of kills in entire the game.
 B = Kills by you in this place as a percentage of kills by you in the entire game.
 C = Kills by friends in this place as a percentage of kills by friends in the entire game.
 D = Other kills in this place as a percentage of other kills in the entire game.
 E = Experience gained in this place as a percentage of experience gained in the entire game.
 F = Experience gained in this place divided by the number of levels of this place that you have seen.
                   A       B       C       D       E      F
               +-------+-------+-------+-------+-------+----------------------
         Total | 100.0 | 100.0 |  -nan |  -nan | 100.0 |  20.0
       Dungeon | 100.0 | 100.0 |  -nan |  -nan | 100.0 |  20.0
               +-------+-------+-------+-------+-------+----------------------
